 Dungeon Sprint DCSS version bcrawl-1.12-11-gb93c957c58 (webtiles) character file.

Game seed: 13539184282319558963

10600000 Groucho the Axe Maniac (level 27, -27/248 (249) HPs)
             Began as a Formicid Fighter on July 8, 2019.
             Was the Champion of Makhleb.
             Annihilated by The Servant
             ... wielding a +9 glaive of flaming
              (43 damage)
             ... in the Dungeon (Sprint VIII: "Arena of Blood").
             The game lasted 00:04:34 (106 turns).

Groucho the Axe Maniac (Formicid Fighter)            Turns: 106, Time: 00:04:34

HP:   -27/248 (249) AC: 13    Str: 23    XL:     27
MP:   39/54         EV: 32    Int: 10    God:    Makhleb [******]
Gold: 0             SH: 19    Dex: 19    Spells: 80/80 levels left

rFire    . . .     SeeInvis +   l - +∞ Axe of Woe
rCold    . . .     Gourm    .   c - +0 shield
rNeg     . . .     Faith    .   b - +0 scale mail
rPois    .         Spirit   .   (helmet unavailable)
rElec    .         Reflect  .   (no cloak)
rCorr    .         Harm     .   (no gloves)
MR       ++...                  (no boots)
Stlth    ++++++++..             (no amulet)
HPRegen  0.51/turn              (no ring)
MPRegen  0.34/turn              (no ring)

@: no status effects
A: permanent stasis, dig shafts and tunnels, four strong arms, antennae 3
a: Dig, Minor Destruction, Lesser Servant of Makhleb, Major Destruction, Greater
Servant of Makhleb, Renounce Religion


You were in the Dungeon.
You worshipped Makhleb.
Makhleb was exalted by your worship.
You were not hungry.

You visited 1 branch

Inventory:

Hand Weapons
 a - a +0 war axe
 l - the +∞ Axe of Woe (weapon)
   (You found it in the Dungeon)
Armour
 b - a +0 scale mail (worn)
 c - a +0 shield (worn)
Jewellery
 m - a +200 ring of slaying
 n - a +250 ring of slaying
 o - a +200 ring of slaying
 p - a +200 ring of slaying
 q - a +100 ring of slaying
 r - a +100 ring of slaying
 s - a +250 ring of slaying
 t - a +250 ring of slaying
 u - a +250 ring of slaying
 v - a +100 ring of slaying
Scrolls
 k - a scroll of blinking
Potions
 d - a potion of might
 e - a potion of curing
 g - a potion of heal wounds
 h - a potion of haste
 i - 2 potions of magic
 j - a potion of berserk rage
Comestibles
 f - a ration {!d}


   Skills:
 O Level 27 Fighting
 O Level 27 Axes
 O Level 27 Throwing
 O Level 27 Armour
 O Level 27 Dodging
 O Level 27 Stealth
 O Level 27 Shields
 O Level 27 Unarmed Combat
 O Level 27 Spellcasting
 O Level 27 Invocations


You had 80 spell levels left.
You didn't know any spells.
Your spell library was empty.

Dungeon Overview and Level Annotations

Branches:
Dungeon (1/1)

Altars:
Makhleb

Annotations:
D The Servant


Innate Abilities, Weirdness & Mutations

You cannot be hasted, slowed, berserked, paralysed or teleported.
You can dig through walls and to a lower floor.
Your four strong arms can wield two-handed weapons with a shield.
You have a pair of large antennae on your head. (SInv)


Message History

You are engulfed in blazing flames.
* * * LOW HITPOINT WARNING * * *
The meat berserker shouts!
You hear a roar!
The observer gazes at you. Something smites you!
* * * LOW HITPOINT WARNING * * *
You hear a shout!
A bag of meat comes into view. It is wielding a +9 war axe.
You hear a shout! x4
The destroyer blinks! x2
The large abomination is engulfed in blazing flames.
A bag of meat comes into view. It is wielding a +9 war axe.
The accursed hits you!!
* * * LOW HITPOINT WARNING * * *
You hear a shout!
The observer gazes at you. Something smites you!
* * * LOW HITPOINT WARNING * * *
The Servant hits you with a +9 glaive of flaming!!!
You die...

.. ....o #..
..§# #.G ..%#{o
. .###V.
.G.###2.
....D.###......
.....M_...oO§{
#.Mo@§# {
#_)@☼§# {
#§§VXL#{
.%.%.§)☼X§X§.X..
...%.☼###.X§....
%###%o {{.§###..
#%. .§.# . #.
...# Do ..... ..


Lz.. You could see 2 accurseds, 2 tentacled monstrosities, a meat beast, a
tyrant, The Servant, 2 eight-headed meat hydras, 2 destroyers, 2 observers, 2
large abominations, a meat berserker (berserk) and 5 bags of meat.

Vanquished Creatures
  7 hell beasts (D)
  7 greater mummies (D)
  2 great orbs of eyes (D)
  2 wraiths (D)
  16 vampire knights (D)
  27 ogres (D)
  7 two-headed ogres (D)
  8 liches (D)
  44 orcs (D)
  2 phantoms (D)
  7 skeletal warriors (D)
  7 large abominations (D)
  3 small abominations (D)
  8 crawling corpses (D)
147 creatures vanquished.

Vanquished Creatures (others)
  A crawling corpse (D)
1 creature vanquished.

Grand Total: 148 creatures vanquished

Notes
Turn   | Place    | Note
-------+----------+-------------------------------------------
     0 | D        | Found the +∞ Axe of Woe
     0 | D        | Groucho the Formicid Fighter began the quest for the Orb.
     0 | D        | Reached XP level 1. HP: 18/18 MP: 1/1
     1 | D        | Noticed a bag of meat
     2 | D        | Noticed a bag of meat
     3 | D        | Became a worshipper of Makhleb the Destroyer
     3 | D        | Noticed a bag of meat
     6 | D        | Killed a bag of meat
     6 | D        | Reached XP level 2. HP: 24/24 MP: 2/2
     6 | D        | Reached XP level 3. HP: 29/29 MP: 3/3
     6 | D        | Reached XP level 4. HP: 35/35 MP: 4/4
     6 | D        | Reached XP level 5. HP: 41/41 MP: 5/5
     6 | D        | Reached XP level 6. HP: 47/47 MP: 6/6
     6 | D        | Reached XP level 7. HP: 52/52 MP: 7/7
     6 | D        | Reached XP level 8. HP: 58/58 MP: 8/8
     6 | D        | Reached XP level 9. HP: 64/64 MP: 9/9
     6 | D        | Reached XP level 10. HP: 70/70 MP: 10/10
     6 | D        | Reached XP level 11. HP: 75/75 MP: 11/11
     6 | D        | Reached XP level 12. HP: 81/81 MP: 12/12
     7 | D        | Noticed a meat berserker
     7 | D        | Noticed a meat berserker
     7 | D        | Noticed a meat berserker
     9 | D        | Killed a bag of meat
     9 | D        | Reached * piety under Makhleb
     9 | D        | Reached XP level 13. HP: 86/86 MP: 13/13
    10 | D        | Killed a meat berserker
    10 | D        | Reached XP level 14. HP: 93/93 MP: 14/14
    10 | D        | Reached XP level 15. HP: 98/98 MP: 15/15
    13 | D        | Killed a meat berserker
    13 | D        | Reached ** piety under Makhleb
    13 | D        | Reached skill level 27 in Axes
    13 | D        | Reached skill level 27 in Dodging
    13 | D        | Reached XP level 16. HP: 104/104 MP: 16/16
    13 | D        | Killed a meat berserker
    13 | D        | Reached XP level 17. HP: 109/109 MP: 16/32
    17 | D        | Noticed a meat berserker
    17 | D        | Reached skill level 10 in Fighting
    17 | D        | Reached skill level 10 in Armour
    17 | D        | Reached skill level 10 in Shields
    18 | D        | Killed a meat berserker
    18 | D        | Reached *** piety under Makhleb
    18 | D        | Reached skill level 15 in Fighting
    18 | D        | Reached skill level 15 in Armour
    18 | D        | Reached XP level 18. HP: 151/151 MP: 17/33
    22 | D        | Reached **** piety under Makhleb
    22 | D        | Reached XP level 19. HP: 171/171 MP: 17/34
    23 | D        | Noticed a meat berserker
    23 | D        | Noticed a meat berserker
    27 | D        | Reached XP level 20. HP: 189/189 MP: 18/35
    28 | D        | Killed a meat berserker
    28 | D        | Reached ***** piety under Makhleb
    28 | D        | Reached skill level 27 in Fighting
    28 | D        | Reached skill level 27 in Armour
    28 | D        | Reached skill level 27 in Shields
    28 | D        | Reached skill level 15 in Invocations
    28 | D        | Noticed a meat berserker
    28 | D        | Noticed a large bag of meat
    29 | D        | Killed a meat berserker
    29 | D        | Reached XP level 21. HP: 204/204 MP: 19/41
    29 | D        | Noticed a destroyer
    30 | D        | Noticed a destroyer
    30 | D        | Noticed a large bag of meat
    32 | D        | Noticed a destroyer
    32 | D        | Noticed a destroyer
    32 | D        | Noticed a large bag of meat
    33 | D        | Noticed a destroyer
    34 | D        | Killed a destroyer
    34 | D        | Reached XP level 22. HP: 212/212 MP: 20/47
    35 | D        | Killed a meat berserker
    35 | D        | Reached ****** piety under Makhleb
    35 | D        | Reached skill level 27 in Invocations
    35 | D        | Reached XP level 23. HP: 219/219 MP: 20/51
    36 | D        | Killed a destroyer
    36 | D        | Killed a large bag of meat
    36 | D        | Reached skill level 27 in Throwing
    36 | D        | Reached skill level 27 in Unarmed Combat
    36 | D        | Reached skill level 27 in Spellcasting
    37 | D        | Reached skill level 27 in Stealth
    37 | D        | Reached XP level 24. HP: 227/227 MP: 20/54
    39 | D        | Killed a large bag of meat
    39 | D        | Killed a destroyer
    39 | D        | Noticed a destroyer
    40 | D        | Noticed a destroyer
    40 | D        | Killed a destroyer
    40 | D        | Reached XP level 25. HP: 234/234 MP: 21/54
    41 | D        | Killed a destroyer
    43 | D        | Killed a destroyer
    43 | D        | Reached XP level 26. HP: 242/242 MP: 22/54
    43 | D        | Killed a large bag of meat
    43 | D        | Killed a destroyer
    43 | D        | Noticed a destroyer
    44 | D        | Noticed an accursed
    44 | D        | Reached XP level 27. HP: 249/249 MP: 22/54
    44 | D        | Noticed a destroyer
    45 | D        | Noticed a tyrant
    45 | D        | Killed a tyrant
    47 | D        | Noticed an accursed
    48 | D        | Killed a destroyer
    52 | D        | Killed an accursed
    53 | D        | Killed a destroyer
    53 | D        | Noticed a tyrant
    54 | D        | Noticed an accursed
    55 | D        | Noticed a destroyer
    56 | D        | Noticed a destroyer
    56 | D        | Noticed a tyrant
    57 | D        | Noticed a tyrant
    57 | D        | Killed a destroyer
    57 | D        | Noticed a tyrant
    61 | D        | Noticed a large bag of meat
    62 | D        | Killed a tyrant
    62 | D        | Killed a destroyer
    63 | D        | Noticed an accursed
    65 | D        | Noticed a dread
    66 | D        | Killed a tyrant
    66 | D        | Noticed a destroyer
    67 | D        | Killed an accursed
    68 | D        | Killed a tyrant
    70 | D        | Killed a large bag of meat
    70 | D        | Noticed a destroyer
    71 | D        | Noticed a destroyer
    72 | D        | Killed an accursed
    73 | D        | Killed a tyrant
    74 | D        | Killed a destroyer
    75 | D        | Noticed a dread
    79 | D        | Killed a destroyer
    80 | D        | Noticed a tyrant
    81 | D        | Killed a dread
    83 | D        | Noticed a meat beast
    84 | D        | Noticed a meat beast
    84 | D        | Killed a dread
    84 | D        | Killed a destroyer
    84 | D        | Killed a meat beast
    84 | D        | Noticed a meat beast
    84 | D        | Noticed a meat beast
    85 | D        | Noticed an accursed
    85 | D        | Noticed a large bag of meat
    86 | D        | Killed a meat beast
    86 | D        | Noticed a destroyer
    87 | D        | Noticed a meat beast
    87 | D        | Noticed a large bag of meat
    88 | D        | Noticed a large bag of meat
    89 | D        | Killed a meat beast
    89 | D        | Noticed a meat beast
    90 | D        | Killed a large bag of meat
    91 | D        | Noticed an accursed
    91 | D        | Noticed a tyrant
    92 | D        | Killed an accursed
    93 | D        | Killed a tyrant
    93 | D        | Noticed a destroyer
    94 | D        | Killed a meat beast
    94 | D        | Killed a meat beast
    94 | D        | Noticed The Servant
    95 | D        | Noticed a meat beast
    95 | D        | Noticed a tyrant
    96 | D        | Killed a meat beast
    97 | D        | Noticed a tyrant
    97 | D        | Killed a destroyer
    97 | D        | Killed a meat beast
    97 | D        | Killed a large bag of meat
    98 | D        | Noticed an accursed
    99 | D        | Killed a large bag of meat
   100 | D        | Killed a destroyer
   100 | D        | Killed an accursed
   100 | D        | Noticed a destroyer
   100 | D        | Noticed an accursed
   101 | D        | Noticed an accursed
   102 | D        | Killed an accursed
   103 | D        | Killed an accursed
   103 | D        | Killed a tyrant
   103 | D        | HP: 10/248 [observer/divine providence (10)]
   105 | D        | Killed a tyrant
   105 | D        | Noticed a destroyer
   106 | D        | Noticed a destroyer
   106 | D        | Annihilated by The Servant

Skill      XL: |  1  2  3  4  5  6  7  8  9 10 11 12 13 14 15 16 17 18 19 20 21 22 23 |
---------------+----------------------------------------------------------------------+-----
Axes           | 18 21 25 27 | 27.0
Dodging        | 18 21 24 27 | 27.0
Throwing       | 11 16 21 24 27 | 27.0
Stealth        | 14 27 | 27.0
Unarmed Combat | 11 16 21 24 27 | 27.0
Spellcasting   | 11 16 21 24 27 | 27.0
Invocations    | 13 18 24 27 | 27.0
Fighting       | 15 20 24 27 | 27.0
Armour         | 15 20 24 27 | 27.0
Shields        | 17 22 26 27 | 27.0

Action                   |  1- 3 |  4- 6 |  7- 9 | 10-12 | 13-15 | 16-18 | 19-21 | 22-24 | 25-27 || total
-------------------------+-------+-------+-------+-------+-------+-------+-------+-------+-------++-------
Melee: Executioner's axe |     1 |       |       |     1 |     2 |     5 |     8 |     5 |    52 ||    74
 Stab: Distracted        |       |       |       |       |       |       |     1 |       |       ||     1
Armor: Scale mail        |       |       |       |       |       |       |       |       |     6 ||     6
Dodge: Dodged            |       |       |       |       |       |       |       |       |     4 ||     4
Block: Shield            |       |       |       |       |       |       |       |       |     8 ||     8
